 Dungeon Crawl Stone Soup version 0.28.0 (webtiles) character file.

Game seed: 12533353441729667792

957 meepyknight the Chopper (level 7, -15/55 HPs)
             Began as a Demonspawn Fighter on Feb 17, 2022.
             Was an Initiate of Makhleb.
             Demolished by a two-headed ogre (26 damage)
             ... on level 5 of the Dungeon.
             The game lasted 00:04:52 (3888 turns).

meepyknight the Chopper (Demonspawn Fighter)        Turns: 3888, Time: 00:04:53

Health: -15/55     AC: 13    Str: 18    XL:     7   Next: 91%
Magic:  7/7        EV: 10    Int: 10    God:    Makhleb [......]
Gold:   247        SH:  5    Dex: 14    Spells: 6/6 levels left

rFire   . . .      SeeInvis .   a - +3 war axe (freeze)
rCold   . . .      Faith    .   c - +0 buckler
rNeg    . . .      Spirit   .   e - +3 ring mail
rPois   +          Reflect  .   j - +0 helmet
rElec   .          Harm     .   (no cloak)
rCorr   .          Rampage  +   (no gloves)
Will    .....                   q - +2 pair of boots {rampage}
Stlth   ++........              i - amulet of regeneration
HPRegen 0.98/turn               l - ring of poison resistance
MPRegen 0.20/turn               (no ring)

@: no status effects
A: claws 2, thin skeletal structure 1, magic regeneration
a: Renounce Religion


You were on level 5 of the Dungeon.
You worshipped Makhleb.
Makhleb was noncommittal.
You visited 2 branches of the dungeon, and saw 6 of its levels.

You collected 247 gold pieces.

Inventory:

Hand Weapons
 a - a +3 war axe of freezing (weapon)
Missiles
 s - 2 throwing nets (quivered)
Armour
 c - a +0 buckler (worn)
 e - a +3 ring mail (worn)
 j - a +0 helmet (worn)
 q - a +2 pair of boots of rampaging (worn)
Jewellery
 i - an amulet of regeneration (around neck)
 l - a ring of poison resistance (left claw)
Scrolls
 m - 3 scrolls of identify
 n - a scroll of blinking
 o - 2 scrolls of amnesia
 r - a scroll of fear
Potions
 b - a potion of brilliance {unknown}
 d - a potion of might
 f - 3 potions of haste {unknown}
 g - 2 potions of curing {unknown}
 h - 3 potions of flight {unknown}
 k - 3 potions of mutation {unknown}
 p - a potion of attraction {unknown}


   Skills:
 + Level 4.5 Fighting
 + Level 6.1 Axes
 + Level 5.0 Armour
 + Level 3.6 Shields


You had 6 spell levels left.
You didn't know any spells.
Your spell library contained the following spells:

 Spells                   Type           Power      Damage    Failure   Level
 Conjure Flame            Conj/Fire      0%         6-21      94%         3
 Ignite Poison            Fire/Tmut/Pois 0%         N/A       94%         3
 Sticky Flame             Conj/Fire      0%         2d3       100%        4
 Fireball                 Conj/Fire      0%         3d3       100%        5
 Iskenderun's Battlesphe  Conj           0%         2d6       100%        5
 Conjure Ball Lightning   Conj/Air       0%         3x3d6     100%        6
 Orb of Destruction       Conj           0%         9d5       100%        7


Dungeon Overview and Level Annotations

Branches:
Dungeon (5/15)             Temple (1/1) D:4

Altars:
Ashenzari
Cheibriados
Dithmenos
Elyvilon
Fedhas
Gozag
Hepliaklqana
Makhleb
Okawaru
Qazlal
Ru
Sif Muna
Uskayaw
Wu Jian
Xom
Yredelemnul
Zin
The Shining One


Innate Abilities, Weirdness & Mutations

You have very sharp fingernails.
You have a somewhat thin skeletal structure. (Dex +2, Stealth+)
You regenerate magic rapidly.


Message History

You barely miss the orc. You block the orc's attack.
You slash the orc! You freeze the orc.
You kill the orc!
Makhleb accepts your kill.
You rampage towards the two-headed ogre!
You slash the two-headed ogre! You freeze the two-headed ogre.
The two-headed ogre is moderately wounded.
The two-headed ogre hits you with a +0 giant spiked club!!
You block the two-headed ogre's attack.
You slash the two-headed ogre! You freeze the two-headed ogre.
The two-headed ogre is heavily wounded.
The two-headed ogre hits you with a +0 giant spiked club.
The two-headed ogre closely misses you.
You are too injured to fight recklessly!
You are too injured to fight recklessly!
You are too injured to fight recklessly!
You are too injured to fight recklessly!
You are too injured to fight recklessly!
You are too injured to fight recklessly!
You are too injured to fight recklessly!
You are too injured to fight recklessly!
You are too injured to fight recklessly!
You are too injured to fight recklessly!
You are too injured to fight recklessly!
You are too injured to fight recklessly!
You are too injured to fight recklessly!
You are too injured to fight recklessly!
You are too injured to fight recklessly!
You are too injured to fight recklessly!
You are too injured to fight recklessly!
You are too injured to fight recklessly!
You are too injured to fight recklessly!
You are too injured to fight recklessly!
Unknown command.
You completely miss the two-headed ogre.
The two-headed ogre is heavily wounded.
The two-headed ogre hits you with a +0 giant spiked club!
* * * LOW HITPOINT WARNING * * *
The two-headed ogre hits you with a +0 giant club!!
You die...

# ##. #..# # ... #..#
.... #..# #... #..#
#...##..# #####
#......# ##....
#...O..## #.....
#....@..#### ##.....
##.........#####..>...
#....)...............
#.......!............
#....##..............
#....#####...........
#...... ##....[.....
#)..... ........(...
#....# .............


You could see a two-headed ogre.

Vanquished Creatures
  Pikel (D:4)
  An ogre (D:4)
  A scorpion (D:5)
  A bullfrog zombie (D:5)
  A hound (D:4)
  2 gnoll shamans
  2 iguanas
  10 gnolls
  3 adders
  An ufetubus (D:5)
  8 worms
  4 dart slugs
  8 orcs
  5 endoplasms
  A giant cockroach (D:4)
  5 goblins
  8 hobgoblins
  3 ball pythons (D:2)
  7 bats
  4 frilled lizards
  3 kobolds
  3 rats
82 creatures vanquished.

Vanquished Creatures (others)
  9 plants
9 creatures vanquished.

Grand Total: 91 creatures vanquished

Notes
Turn   | Place    | Note
-------+----------+-------------------------------------------
     0 | D:1      | meepyknight the Demonspawn Fighter began the quest for the
                  | Orb.
     0 | D:1      | Reached XP level 1. HP: 18/18 MP: 1/1
   305 | D:1      | Found a faded altar of an unknown god.
   388 | D:1      | Gained mutation: You have sharp fingernails. [demonic
                  | ancestry]
   388 | D:1      | Reached XP level 2. HP: 24/24 MP: 2/2
   506 | D:1      | Reached skill level 2 in Axes
  1003 | D:2      | Found a blossoming altar of Fedhas.
  1121 | D:2      | Gained mutation: You have a somewhat thin skeletal
                  | structure. (Dex +2, Stealth+) [demonic ancestry]
  1121 | D:2      | Reached XP level 3. HP: 18/29 MP: 3/3
  1753 | D:3      | Found a shimmering altar of Xom.
  1931 | D:3      | Gained mutation: You regenerate magic rapidly. [demonic
                  | ancestry]
  1931 | D:3      | Reached XP level 4. HP: 12/35 MP: 4/4
  2154 | D:3      | Reached skill level 3 in Axes
  2156 | D:3      | Gained mutation: You have very sharp fingernails. [demonic
                  | ancestry]
  2156 | D:3      | Reached XP level 5. HP: 26/41 MP: 5/5
  2278 | D:3      | Found a hide-covered altar of Uskayaw.
  2729 | D:4      | Reached skill level 4 in Axes
  2765 | D:4      | Reached XP level 6. HP: 47/48 MP: 6/6
  2889 | D:4      | Found a staircase to the Ecumenical Temple.
  2904 | Temple   | Entered the Ecumenical Temple
  3344 | D:4      | Found a burning altar of Makhleb.
  3434 | D:4      | Became a worshipper of Makhleb the Destroyer
  3539 | D:4      | Noticed Pikel
  3551 | D:4      | Killed Pikel
  3552 | D:4      | Reached skill level 5 in Axes
  3552 | D:4      | Reached XP level 7. HP: 47/55 MP: 7/7
  3577 | D:4      | Found a shimmering blue altar of Sif Muna.
  3746 | D:5      | Entered Level 5 of the Dungeon
  3795 | D:5      | Reached skill level 6 in Axes
  3795 | D:5      | Reached skill level 5 in Armour
  3882 | D:5      | Noticed a two-headed ogre
  3888 | D:5      | Demolished by a two-headed ogre

Illustrated notes

Levels and vault maps discovered:
D:1:      eino_arrival_cavern_e, layout_loops_ring,
          ebering_ecumenical_altar_box, chequers_serial_rivers_micro_d,
          minmay_stone_trees_large
D:2:      layout_basic, basic_altar
D:3:      layout_basic, mainiacjoe_overflow_alcove_1,
          mainiacjoe_overflow_chevrons, serial_bayou_ford_a, nicolae_wormholes
D:4:      layout_basic, led_sif_book, gammafunk_temple_overflow_pools,
          minmay_temple_entry_trees, minmay_stone_trees_small, uniq_pikel
D:5:      layout_layer_cave, serial_bayou_lake_a, uniq_edmund
Temple:   nicolae_temple_figure_eight

Skill      XL: |  1  2  3  4  5  6  7 |
---------------+----------------------+-----
Axes           | 2 3 4 5 6 |  6.1
Armour         | 3 4 5 |  5.0
Shields        | 3 |  3.6
Fighting       | 4 |  4.5

Action                   |  1- 3 |  4- 6 |  7- 9 || total
-------------------------+-------+-------+-------++-------
Melee: War axe           |    84 |    86 |    21 ||   191
  Use: Scroll            |     6 |     6 |     1 ||    13
 Stab: Sleeping          |     4 |     1 |       ||     5
Armor: Ring mail         |    28 |    31 |     9 ||    68
Dodge: Dodged            |    28 |    42 |    16 ||    86
Block: Buckler           |    19 |    25 |     7 ||    51
